 Dungeon Crawl Stone Soup version 0.30.0-5-g1a98f26d00 (webtiles) character file.

Game seed: 7360216171599974864

418 Gabide the Trooper (level 6, -4/67 HPs)
             Began as an Ogre Gladiator on May 11, 2023.
             Killed from afar by a white imp (12 damage)
             ... with a puff of frost
             ... on level 5 of the Dungeon.
             The game lasted 00:05:58 (3042 turns).

Gabide the Trooper (Ogre Gladiator)                 Turns: 3042, Time: 00:06:00

Health: -4/67      AC:  4    Str: 21    XL:     6   Next: 93%
Magic:  6/6        EV: 10    Int:  9    God:
Gold:   227        SH:  0    Dex: 10    Spells: 5/5 levels left

rFire   + . .        a - +0 flail
rCold   . . .        (no shield)
rNeg    . . .        b - +0 robe
rPois   .            c - +1 hat
rElec   .            (no cloak)
rCorr   .            (gloves unavailable)
SInv    .            (boots unavailable)
Will    .....        (no amulet)
Stlth   +            j - ring of protection from fire
HPRegen 0.31/turn    (no ring)
MPRegen 0.10/turn

%: no passive effects
@: no status effects
A: large, unfitting armour, tough skin 1
a: no special abilities


You were on level 5 of the Dungeon.
You visited 1 branch of the dungeon, and saw 4 of its levels.
You also visited: Sewer.

You collected 227 gold pieces.

Inventory:

Hand Weapons
 a - a +0 flail (weapon)
Missiles
 h - a throwing net
 u - 5 large rocks
 w - 4 boomerangs (quivered)
Armour
 b - a +0 robe (worn)
 c - a +1 hat (worn)
Jewellery
 j - a ring of protection from fire (left hand)
 t - a ring of protection from fire
Scrolls
 d - a scroll of blinking
 k - a scroll of enchant armour
 l - a scroll of teleportation {unknown}
 m - a scroll of butterflies {unknown}
 o - a scroll of vulnerability
 p - a scroll of amnesia
Potions
 e - a potion of resistance
 f - a potion of mutation {unknown}
 g - a potion of flight {unknown}
 i - a potion of haste {unknown}
 n - 3 potions of brilliance
 r - 2 potions of lignification
 v - a potion of curing


   Skills:
 * Level 6.2 Fighting
 * Level 4.8 Maces & Flails
 - Level 2.0 Throwing
 + Level 3.8 Dodging


You had 5 spell levels left.
You didn't know any spells.
Your spell library contained the following spells:

 Spells                   Type           Power      Damage    Failure   Level
 Slow                     Hex            0%         N/A       38%         1
 Inner Flame              Hex/Fire       0%         N/A       77%         3
 Animate Armour           Summ/Erth      0%         N/A       99%         4
 Cause Fear               Hex            0%         N/A       99%         4
 Discord                  Hex            0%         N/A       100%        8


Dungeon Overview and Level Annotations

Branches:
Dungeon (3/15)              Sewer (visited)

Altars:

Shops:
D:3 :


Innate Abilities, Weirdness & Mutations

You are too large for most types of armour.
You have tough skin. (AC +1)


Message History

You hit the white imp but do no damage.
The white imp is lightly wounded.
The white imp hits you. The white imp freezes you.
You are too injured to fight recklessly!
You are too injured to fight recklessly!
You are too injured to fight recklessly!
You are too injured to fight recklessly!
You are too injured to fight recklessly!
You are too injured to fight recklessly!
You are too injured to fight recklessly!
You are too injured to fight recklessly!
You are too injured to fight recklessly!
You are too injured to fight recklessly!
You barely miss the white imp.
The white imp is lightly wounded.
The white imp gestures at you. The puff of frost hits you!
You hit the white imp.
The white imp is heavily wounded.
The white imp hits you but does no damage.
You closely miss the white imp.
The white imp is heavily wounded.
The white imp hits you.
* * * LOW HITPOINT WARNING * * *
The white imp freezes you.
* * * LOW HITPOINT WARNING * * *
You hit the white imp.
The white imp is almost dead.
The white imp hits you.
* * * LOW HITPOINT WARNING * * *
The white imp freezes you.
* * * LOW HITPOINT WARNING * * *
You barely miss the white imp.
The white imp is almost dead.
The white imp gestures at you. The puff of frost hits you.
* * * LOW HITPOINT WARNING * * *
The white imp gestures at you. The puff of frost hits you!
You die...

## ## ##.#
#.##
+#...###...#+
+.....+.....+
#'#†..##
##.##.##
##@..###
#5....#
.'.....+
...#.....#
#...###...##
##.# ##.## ##
#+#


You could see a white imp.

Vanquished Creatures
  2 bullfrogs (Sewer)
  An iguana (D:5)
  An orc wizard (D:3)
  12 adders
  A river rat (D:3)
  A worm (D:3)
  2 dart slugs (D:1)
  5 orcs (D:3)
  16 ball pythons
  5 bats
  14 endoplasms
  10 giant cockroaches
  2 goblins
  7 hobgoblins
  8 quokkas
  9 frilled lizards
  9 kobolds
  5 rats
110 creatures vanquished.

Notes
Turn   | Place    | Note
-------+----------+-------------------------------------------
     0 | D:1      | Gabide the Ogre Gladiator began the quest for the Orb.
     0 | D:1      | Reached XP level 1. HP: 22/22 MP: 1/1
   160 | D:1      | Reached skill level 3 in Fighting
   212 | D:1      | Reached XP level 2. HP: 26/31 MP: 2/2
   690 | D:1      | Reached XP level 3. HP: 37/37 MP: 3/3
   809 | D:1      | Found a faded altar of an unknown god.
  1366 | D:2      | Reached skill level 4 in Fighting
  1366 | D:2      | Reached XP level 4. HP: 21/48 MP: 4/4
  1920 | D:3      | Found Feubeipo's Book Emporium.
  2058 | D:3      | Found a glowing drain.
  2063 | D:3      | Reached XP level 5. HP: 54/55 MP: 5/5
  2066 | Sewer    | Entered a sewer
  2228 | Sewer    | Reached skill level 5 in Fighting
  2378 | Sewer    | Reached XP level 6. HP: 66/66 MP: 6/6
  2396 | Sewer    | Got the Notes on the Unfortunate Tektite
  2508 | D:3      | Reached skill level 6 in Fighting
  2999 | D:3      | You fall into a shaft and drop 2 floors!
  2999 | D:5      | Entered Level 5 of the Dungeon
  3042 | D:5      | Killed from afar by a white imp

Illustrated notes

Levels and vault maps discovered:
D:1:      dpeg_arrival_circle_labyrinth_c, layout_basic,
          shapermc_ecumenical_altar_ellora, st_stairs_6, minmay_vboxes
D:2:      layout_rooms
D:3:      layout_basic, serial_shops, nicolae_book_shop_shelving,
          gup_sewer_entry_spiral
D:5:      layout_loops_corners, hex_medium, nicolae_hexahallways,
          minmay_misc_feat_encased, uniq_grinder

Skill      XL: |  1  2  3  4  5  6 |
---------------+-------------------+-----
Fighting       | 3 4 5 6 |  6.2
Maces & Flails | 3 4 |  4.8
Dodging        | 3 |  3.8
Throwing       | |  2.0

Action                     |  1- 3 |  4- 6 || total
---------------------------+-------+-------++-------
  Melee: Flail             |    91 |   177 ||   268
         Punch             |       |     1 ||     1
  Throw: Throwing net      |     4 |     3 ||     7
         Large rock        |     2 |     3 ||     5
         Boomerang         |       |    64 ||    64
    Use: Scroll            |       |    11 ||    11
   Stab: Sleeping          |       |     1 ||     1
 Armour: Robe              |    37 |    68 ||   105
  Dodge: Dodged            |    49 |    92 ||   141
